 Dungeon Crawl Stone Soup version 0.19-a0-19-gf75ed07 (webtiles) character file.

623 Gorice the Conjurer (level 7, -4/46 HPs)
             Began as a Demonspawn Venom Mage on Apr 30, 2016.
             Shot with an arrow by a centaur (7 damage)
             ... on level 5 of the Dungeon.
             The game lasted 00:25:59 (5167 turns).

Gorice the Conjurer (Demonspawn Venom Mage)         Turns: 5167, Time: 00:26:00

Health: -4/46      AC:  6    Str:  8    XL:     7   Next: 22%
Magic:  0/11       EV: 12    Int: 18    God:
Gold:   285        SH:  0    Dex: 14    Spells: 3 memorised, 6 levels left

rFire  . . .     SeeInvis .     a - +3 dagger (venom)
rCold  . . .     Gourm    .     d - +0 robe
rNeg   . . .     Faith    .     (no shield)
rPois  .         Spirit   +     (no helmet)
rElec  .         Dismiss  .     s - +0 cloak
rCorr  .         Reflect  .     (no gloves)
SustAt .         Harm     .     C - +0 pair of boots
MR     .....                    (no amulet)
Stlth  ++........               (no ring)
                                (no ring)

@: very slightly contaminated, not resistant to hostile enchantments, unstealthy
A: claws 2, yellow scales 1, magic shield, magic regeneration
a: no special abilities


You were on level 5 of the Dungeon.
You were not hungry.

You visited 1 branch of the dungeon, and saw 5 of its levels.
You also visited: Sewer.

You collected 285 gold pieces.

Inventory:

Hand Weapons
 a - a +3 dagger of venom (weapon)
   (You took it off a goblin on level 3 of the Dungeon)
 f - a +2 dagger of freezing
   (You took it off a goblin on level 2 of the Dungeon)
 p - a +0 scimitar
 q - a +1 hand axe of holy wrath
   (You found it on level 4 of the Dungeon)
 t - a +0 halberd
Missiles
 g - 15 tomahawks (quivered)
 k - 20 poisoned needles
 Z - 136 stones
Armour
 d - a +0 robe (worn)
 l - a +0 ring mail
 m - a +0 leather armour
 s - a +0 cloak (worn)
 u - a cursed -1 scale mail
 C - a +0 pair of boots (worn)
Scrolls
 i - 5 scrolls of enchant weapon
 r - a scroll of remove curse
 y - 2 scrolls of magic mapping {!r}
 B - a scroll of fog
Potions
 e - a potion of beneficial mutation {unknown}
 h - 4 potions of flight {unknown}
 n - a potion of invisibility {unknown}
 o - a potion of haste {!q}
 v - a potion of cure mutation {unknown}
 x - 2 potions of resistance {unknown}
 z - 2 potions of heal wounds {unknown}
 A - a potion of might {unknown}
Books
 b - a Young Poisoner's Handbook
 D - a book of Misfortune
Comestibles
 c - 2 bread rations {!e}
 j - a beef jerky


   Skills:
 - Level 1.7 Dodging
 - Level 1.7 Stealth
 - Level 3.0 Spellcasting
 * Level 7.3 Conjurations
 - Level 4.0 Poison Magic


You had 6 spell levels left.
You knew the following spells:

 Your Spells              Type           Power        Failure   Level  Hunger
a - Sting                 Conj/Pois      ###.         1%          1    None
b - Cure Poison           Pois           ###.......   6%          2    ##.....
c - Mephitic Cloud        Conj/Pois/Air  ###.....     12%         3    ###....


Dungeon Overview and Level Annotations

Branches:
Dungeon (5/15)
 Temple: D:4-7

Altars:
Vehumet


Innate Abilities, Weirdness & Mutations

You have very sharp fingernails.
You are partially covered in yellow scales (AC +2).
When hurt, damage is shared between your health and your magic reserves.
You regenerate magic rapidly.


Message History

Casting: Sting
Confirm with . or Enter, or press ? or * to list all spells.
Aiming: Sting
Press: ? - help, Shift-Dir - straight line, f/p - centaur
Aim: a centaur, wielding a shortbow (lightly wounded)
The sting hits the centaur.
The centaur is poisoned.
The centaur is moderately wounded.
The centaur shoots an arrow.
The arrow hits you!
Damage: 12 (max 12)
You start resting.
The centaur shoots an arrow.
The arrow closely misses you.
The centaur unwields an uncursed shortbow.
The centaur wields an uncursed trident.
The centaur hits you with an uncursed trident!
* * * LOW HITPOINT WARNING * * *
You see here 5 arrows.
Damage: 9 (max 9) Unknown command.
You hit the centaur.
The centaur looks even sicker.
The centaur is moderately wounded.
The centaur hits you with an uncursed trident.
* * * LOW HITPOINT WARNING * * *
Damage: 5 (max 9) Unknown command.
Unknown command.
Unknown command.
Unknown command.
Unknown command.
Unknown command.
Unknown command.
You aren't carrying any items that you can evoke without wielding.
Unknown command.
Unknown command.
Read which item? (? for menu, Esc to quit)
Really read
w - a scroll of fear {!r}?
As you read the scroll of fear {!r}, it crumbles to dust.
You assume a fearsome visage.
The centaur looks frightened!
Unknown command.
Cornered, the centaur turns to fight!
The centaur unwields an uncursed trident.
The centaur wields an uncursed shortbow.
The centaur shoots an arrow.
The arrow misses you.
The centaur shoots an arrow.
The arrow hits you but does no damage.
You see here 2 arrows.
The centaur shoots an arrow.
The arrow hits you!
* * * LOW HITPOINT WARNING * * *
You see here an arrow.
Damage: 11 (max 11) Unknown command.
The centaur shoots an arrow.
The arrow hits you!
You die...

...#...c.#.##Y###...............#
.....#.###.##c# #.........#####.#
.........#.##.###...........# #.#
####.#.#.#....c(######..#.#.# #.#
#....#.####.#.# #....#.# #.#
#..#.#.# #.#(# ##...#.# #..
#..#<#.# #.#.# #...#.# ###
###....#.####.#(#########.#.#####
...........<..#.@................
.......#.##################......
###.####.# #.##### #.# #.# #.#
###.####.##################.#
..).....)...................#
#############################


You could see a centaur.

Vanquished Creatures
  A sky beast (D:5)
  An ogre (D:5)
  2 howler monkeys
  A hound (D:5)
  An orc priest (D:5)
  An iguana (D:5)
  2 worker ants
  A hound skeleton (D:4)
  6 adders
  3 gnolls (D:3)
  A shadow imp (D:5)
  2 adder skeletons
  3 dart slugs
  4 giant geckos
  12 orcs
  3 ball pythons
  6 bats
  12 giant cockroaches
  10 goblins
  9 hobgoblins
  7 jackals
  A quokka (D:3)
  7 giant newts
  11 kobolds
  4 rats
111 creatures vanquished.

Notes
Turn   | Place    | Note
--------------------------------------------------------------
     0 | D:1      | Gorice the Demonspawn Venom Mage began the quest for the Orb.
     0 | D:1      | Reached XP level 1. HP: 13/13 MP: 3/3
     6 | D:1      | Noticed a black bear
     6 | D:1      | Noticed a wolf
     6 | D:1      | Noticed a lindwurm
     6 | D:1      | Noticed an anaconda
     6 | D:1      | Noticed a rime drake
   208 | D:1      | Gained mutation: When hurt, damage is shared between your health and your magic reserves. [demonic ancestry]
   208 | D:1      | Reached XP level 2. HP: 18/19 MP: 0/5
   212 | D:1      | Reached skill level 1 in Conjurations
   721 | D:1      | Reached skill level 2 in Conjurations
   724 | D:1      | Gained mutation: You are partially covered in yellow scales (AC +2). [demonic ancestry]
   724 | D:1      | Reached XP level 3. HP: 14/24 MP: 1/6
   739 | D:1      | HP: 6/24 [jackal (3)]
  1262 | D:1      | Learned a level 2 spell: Cure Poison
  1707 | D:2      | Gained mutation: You have sharp fingernails. [demonic ancestry]
  1707 | D:2      | Reached XP level 4. HP: 22/30 MP: 1/8
  1824 | D:2      | Reached skill level 3 in Conjurations
  1833 | D:2      | Reached skill level 3 in Spellcasting
  2139 | D:3      | Learned a level 3 spell: Mephitic Cloud
  2507 | D:3      | Reached skill level 4 in Conjurations
  2507 | D:3      | Gained mutation: You regenerate magic rapidly. [demonic ancestry]
  2507 | D:3      | Reached XP level 5. HP: 33/35 MP: 2/9
  3033 | D:4      | Found a radiant altar of Vehumet.
  3274 | D:4      | Found a glowing drain.
  3294 | D:4      | Reached skill level 5 in Conjurations
  3300 | Sewer    | Entered a sewer
  3580 | D:4      | Reached XP level 6. HP: 41/41 MP: 2/10
  3851 | D:5      | Entered Level 5 of the Dungeon
  4163 | D:5      | Reached skill level 6 in Conjurations
  4881 | D:5      | Gained mutation: You have very sharp fingernails. [demonic ancestry]
  4881 | D:5      | Reached XP level 7. HP: 44/46 MP: 8/11
  5043 | D:5      | Reached skill level 7 in Conjurations
  5161 | D:5      | HP: 13/46 [centaur/uncursed trident (5)]
  5166 | D:5      | HP: 3/46 [centaur/arrow (11)]
  5167 | D:5      | Shot with an arrow by a centaur

Vault maps used:
D:1:      onia_arrival_zoo_common, st_stairs_2
D:2:      first_bread, st_stairs_14
D:4:      nicolae_overflow_crystal_walls, gup_sewer_entry_pipe
Sewer:    sewer_co_purgy_island

Skill      XL: |  1  2  3  4  5  6  7 |
---------------+----------------------+-----
Conjurations   | 2 4 5 6 7 |  7.3
Spellcasting   | 3 |  3.0
Dodging        | |  1.7
Stealth        | |  1.7
Poison Magic   | |  4.0

Action                   |  1- 3 |  4- 6 |  7- 9 || total
-------------------------+-------+-------+-------++-------
Melee: Hand axe          |    56 |     1 |       ||    57
       Dagger            |       |    84 |     9 ||    93
Throw: Tomahawk          |     2 |     2 |       ||     4
 Cast: Sting             |    84 |   118 |     6 ||   208
       Mephitic Cloud    |       |     1 |     2 ||     3
  Use: Scroll            |     2 |     7 |     1 ||    10
  Eat: Chunk             |     3 |     9 |     2 ||    14
Armor: Robe              |    27 |    24 |     4 ||    55
Dodge: Dodged            |    73 |    57 |     5 ||   135

Table legend:
 A = Turns spent in this place as a percentage of turns spent in the entire game.
 B = Non-inter-level travel turns spent in this place as a percentage of non-inter-level travel turns spent in the entire game.
 C = Inter-level travel turns spent in this place as a percentage of turns spent in this place.
 D = Turns resting spent in this place as a percentage of non-inter-level travel turns spent in this place.
 E = Turns spent auto-exploring this place as a percentage of non-inter-level travel turns spent in this place.
 F = Non-inter-level travel turns spent in this place divided by the number of levels of this place that you've seen.
                   A       B       C       D       E      F
               +-------+-------+-------+-------+-------+----------------------
         Total | 100.0 | 100.0 |   0.5 |   3.3 |   5.8 | 294.7
       Dungeon |  96.3 |  96.3 |   0.5 |   3.4 |   6.0 | 340.4
         Sewer |   3.7 |   3.7 |   0.0 |   0.0 |   0.0 |  66.0
               +-------+-------+-------+-------+-------+----------------------

Vault maps used:
D:1:      onia_arrival_zoo_common, st_stairs_2
D:2:      first_bread, st_stairs_14
D:4:      nicolae_overflow_crystal_walls, gup_sewer_entry_pipe
Sewer:    sewer_co_purgy_island
